 Dungeon Crawl Stone Soup version 0.28.0-53-g5a82cb258f (webtiles) character file.

Game seed: 7835291197693931265

93970 Gabide the Impaler (level 16, -1/114 HPs)
             Began as a Human Monk on May 29, 2022.
             Was a High Priest of Hepliaklqana.
             Slain by a balrug
             ... wielding a +1 demon whip of venom
              (7 damage)
             ... on level 2 of the Abyss.
             The game lasted 01:21:13 (27758 turns).

Gabide the Impaler (Human Monk)                    Turns: 27758, Time: 01:21:14

Health: -1/114     AC: 24    Str: 12    XL:     16   Next: 58%
Magic:  18/20      EV: 20    Int: 11    God:    Hepliaklqana [*****.]
Gold:   1151       SH:  0    Dex: 32    Spells: 15/15 levels left

rFire   + + .      SeeInvis .   a - +9 bardiche (vorpal)
rCold   + + .      Faith    .   (shield currently unavailable)
rNeg    . . .      Spirit   .   B - +7 Kryia's mail coat {PotionHeal*2 rC+}
rPois   .          Reflect  .   V - +2 helmet
rElec   .          Harm     .   I - scarf {rC+ rF+}
rCorr   .          Rampage  .   l - +0 pair of fencer's gloves {Riposte Dex+3}
Will    +....                   e - +2 pair of boots
Stlth   ++........              t - amulet of regeneration
HPRegen 1.09/turn               y - +6 ring of dexterity
MPRegen 0.17/turn               W - ring of protection from fire

@: about to teleport
A: reduced essence, low MP 2
a: Renounce Religion, Recall Ancestor, Ancestor Identity, Transference, Idealise


You were on level 2 of the Abyss.
You worshipped Hepliaklqana.
Hepliaklqana was extremely pleased with you.
You visited 4 branches of the dungeon, and saw 23 of its levels.
You visited the Abyss 1 time.

You collected 2536 gold pieces.
You spent 1385 gold pieces at shops.

Inventory:

Hand Weapons
 a - a +9 vorpal bardiche (weapon)
 A - the +7 halberd of Taissas {freeze, rPois Str+4 Dex+2}
   (You bought it in a shop on level 2 of the Dungeon)

   It freezes those it strikes, dealing additional cold damage.
   It can also slow down cold-blooded creatures.
   Str:       It affects your strength (+4).
   Dex:       It affects your dexterity (+2).
   rPois:     It protects you from poison.
Missiles
 w - a throwing net
 K - 2 javelins (quivered)
 X - 3 atropa-tipped darts
Armour
 e - a +2 pair of boots (worn)
 l - the +0 pair of fencer's gloves (worn) {Riposte Dex+3}
   (You bought it in a shop on level 1 of the Orcish Mines)

   It allows the wearer to riposte with melee weapons, swiftly retaliating
   against missed attacks.
   Dex:       It affects your dexterity (+3).
 m - a +1 pair of gloves
 B - the +7 Kryia's mail coat (worn) {PotionHeal*2 rC+}
   (You found it on level 6 of the Dungeon)

   Potions are twice as effective at healing its wearer.
   rC:        It protects you from cold.
 I - a scarf of resistance (worn)
 V - a +2 helmet (worn)
 Y - a +2 cloak
Jewellery
 f - an amulet of the acrobat
 g - an amulet of reflection
 j - a ring of see invisible
 s - a ring of positive energy
 t - an amulet of regeneration (around neck)
 u - an amulet of faith
 x - a +6 ring of dexterity
 y - a +6 ring of dexterity (left hand)
 J - a +6 ring of strength
 W - a ring of protection from fire (right hand)
Wands
 d - a wand of flame (36)
 h - a wand of polymorph (6)
 D - a wand of mindburst (5)
 E - a wand of paralysis (14)
 F - a wand of iceblast (8)
 N - a wand of digging (7)
 Z - a wand of charming (7)
Scrolls
 b - 3 scrolls of enchant weapon
 c - 3 scrolls of amnesia
 i - a scroll of magic mapping
 k - 5 scrolls of fog
 n - 3 scrolls of brand weapon
 p - 3 scrolls of noise
 r - a scroll of holy word
 S - a scroll of immolation {unknown}
Potions
 o - 2 potions of resistance
 q - 4 potions of mutation
 z - 3 potions of attraction
 G - 2 potions of brilliance
 O - 2 potions of lignification
 P - a potion of flight
 Q - 9 potions of ambrosia
 U - a potion of might
Miscellaneous
 R - a phial of floods (inert)


   Skills:
 - Level 12.0 Fighting
 + Level 18.0 Polearms
 - Level 10.0 Armour
 - Level 12.0 Dodging
 - Level 4.0 Stealth
 - Level 12.5 Invocations


You had 15 spell levels left.
You didn't know any spells.
Your spell library contained the following spells:

 Spells                   Type           Power      Damage    Failure   Level
 Corpse Rot               Necr/Air       0%         N/A       90%         2
 Sublimation of Blood     Necr           0%         N/A       90%         2
 Animate Dead             Necr           0%         N/A       100%        4
 Dispel Undead            Necr           0%         3d6       100%        4
 Petrify                  Tmut/Erth      0%         N/A       100%        4
 Summon Ice Beast         Ice/Summ       0%         N/A       100%        4
 Irradiate                Conj/Tmut      0%         3d13      100%        5
 Summon Mana Viper        Hex/Summ       0%         N/A       100%        5
 Conjure Ball Lightning   Conj/Air       0%         3x3d6     100%        6
 Death Channel            Necr           0%         N/A       100%        6
 Haunt                    Necr/Summ      0%         N/A       100%        7
 Monstrous Menagerie      Summ           0%         N/A       100%        7
 Discord                  Hex            0%         N/A       100%        8
 Disjunction              Tloc           0%         N/A       100%        8
 Infestation              Necr           0%         N/A       100%        8


Dungeon Overview and Level Annotations

Branches:
Dungeon (14/15)            Temple (1/1) D:4            Lair (6/6) D:8
  Swamp (0/4) Lair:4       Spider (0/4) Lair:2        Slime (0/5) Lair:6
    Orc (2/2) D:12            Elf (0/3) Orc:2        Vaults (0/5) D:13

Altars:
Ashenzari
Cheibriados
Dithmenos
Elyvilon
Fedhas
Gozag
Hepliaklqana
Kikubaaqudgha
Makhleb
Nemelex Xobeh
Okawaru
Qazlal
Ru
Sif Muna
Trog
Uskayaw
Vehumet
Wu Jian
Xom
Yredelemnul
Zin
The Shining One
Beogh

Shops:
D:1 [=   D:2 (   D:3 :   D:8 [   D:13 (   Orc:1 [   Orc:2 :[(*:


Innate Abilities, Weirdness & Mutations

Your life essence is reduced to manifest your ancestor. (-10% HP)
Your magical capacity is very low. (-20% MP)


Message History

You riposte.
You slash the thrashing horror!
The thrashing horror is moderately damaged.
The thrashing horror tramples you but does no damage.
A balrug comes into view.
It is wielding a +1 demon whip of venom.
Nomusa hits the starcursed mass with a +0 dagger of draining.
The starcursed mass shudders and is absorbed by its neighbour.
A starcursed mass splits.
A chorus of shrieks assaults your mind.
* * * LOW HITPOINT WARNING * * *
The +7 Kryia's mail coat enhances the healing.
You feel better. The thrashing horror misses you.
You riposte.
You slash the thrashing horror!
The thrashing horror is heavily damaged.
The thrashing horror tramples you but does no damage.
A starcursed mass splits.
The sun demon closely misses you.
A sun demon comes into view.
The thrashing horror closely misses you.
The thrashing horror barely misses you.
Nomusa hits the starcursed mass with a +0 dagger of draining.
The starcursed mass shudders and is absorbed by its neighbour.
A sun demon comes into view.
A chorus of shrieks assaults your mind.
* * * LOW HITPOINT WARNING * * *
Select a target.
Press: ? - help, Dir - move target, f - balrug
Aim: a balrug, wielding a +1 demon whip of venom The floor.
The balrug swaps with Nomusa!
The sun demon is drained by nostalgia. x2
The thrashing horror barely misses you.
The thrashing horror completely misses you.
The thrashing horror tramples you.
* * * LOW HITPOINT WARNING * * *
You hold your ground!
The thrashing horror tramples you but does no damage.
A starcursed mass splits.
Nomusa hits the sun demon with a +0 dagger of draining.
The balrug hits you with a +1 demon whip of venom.
* * * LOW HITPOINT WARNING * * *
You are engulfed in flames!
You resist.
You die...

...# # #..# # .
...#..## . ...# #
..## .#### .
#..#..##...##.#.#
.. ........
....## ... #.##..
. # .#.R3 ...
.#.# .....#.#3##
.X.. #..# .
......#@X#..#
.#.#. ######23##
# ##.#..#
#XX#....ยง #
#.....# .#X#..#..
.. ###.## .. ..#
# #.# #. #.
..#... #. ##.# #
.##.#.. ........
.# ..##..# ..#.
## . .## ..


You could see the friendly Nomusa the hexer, 3 starcursed masses, a balrug, 3
sun demons and a thrashing horror (ally target).

Vanquished Creatures
  Jorgrun (Orc:2)
  A sphinx (D:12)
  Gastronok (Orc:2)
  Kirke (Lair:6)
  An orc warlord (Orc:2)
  A very ugly thing (Abyss:2)
  Josephine (Lair:4)
  A rakshasa (Abyss:2)
  6 vault guards
  5 hydras
  A boulder beetle (D:12)
  An ice dragon (D:14)
  A catoblepas (Lair:5)
  Erica (Lair:2)
  A death knight (D:11)
  3 two-headed ogres
  2 centaur warriors
  A thrashing horror (Abyss:2)
  A deep troll earth mage (D:12)
  2 death yaks (Lair:5)
  A large abomination (Abyss:2)
  An orc high priest (Orc:2)
  Urug (Orc:2)
  Nergalle (Lair:2)
  A skeletal warrior (D:11)
  A spatial maelstrom (Abyss:2)
  A wretched star (Abyss:2)
  A sixfirhy (Abyss:2)
  3 orc knights
  2 deep elf pyromancers
  7 ugly things
  4 orc sorcerers (Orc:2)
  3 cyclopes
  A manticore (D:11)
  Maurice (Orc:2)
  9 elephants
  A rust devil (Abyss:2)
  An eye of devastation (Abyss:2)
  9 black mambas
  A gargoyle (D:11)
  10 cane toads
  3 smoke demons (Abyss:2)
  An unseen horror (D:12)
  8 komodo dragons
  2 rime drakes (Lair:5)
  2 ice devils (Lair:4)
  A freezing wraith (D:11)
  3 meliai (D:12)
  A queen bee (D:12)
  Grinder (D:5)
  5 polar bears
  A wolf spider simulacrum (D:13)
  7 hornets (Lair:6)
  3 trolls
  A tarantella (Lair:2)
  13 blink frogs
  5 slime creatures
  A shadow (D:9)
  11 spriggans (Lair:6)
  55 yaks
  5 wraiths
  5 wyverns (Lair:5)
  5 basilisks
  A fire bat (Abyss:2)
  2 steam dragons
  2 hogs (Lair:6)
  A spatial vortex (Abyss:2)
  A neqoxec (Abyss:2)
  8 wargs
  An acid dragon (D:10)
  A swamp worm (Lair:4)
  A harpy simulacrum (Abyss:2)
  23 water moccasins
  25 orc warriors
  4 black bears (Lair:6)
  7 ogres
  6 boggarts
  25 wolves
  5 centaurs (D:11)
  2 kobold brigands
  12 bullfrogs
  2 scorpions
  2 small abominations (Abyss:2)
  A hexer (Lair:4)
  25 killer bees
  3 howler monkeys (D:9)
  10 wights
  2 bullfrog zombies
  2 centaur zombies
  A centaur skeleton (D:6)
  A hound (D:6)
  A gnoll shaman (D:6)
  2 jellies
  11 orc priests
  A bullfrog skeleton (D:6)
  Terence (D:3)
  An iguana (Lair:4)
  11 orc wizards
  3 hell rats (Lair:5)
  A killer bee zombie (D:7)
  A howler monkey zombie (D:10)
  7 gnolls
  5 adders
  A shadow imp (Abyss:2)
  A white imp (D:6)
  An ufetubus (D:5)
  3 worms
  2 dart slugs
  46 orcs
  4 bats (D:1)
  An endoplasm (D:2)
  2 giant cockroaches
  6 goblins
  6 hobgoblins
  4 quokkas
  5 ball pythons
  5 frilled lizards
  23 kobolds
  4 rats
567 creatures vanquished.

Vanquished Creatures (collateral kills)
  Snorg (Orc:2)
  2 vault guards
  4 hydras
  A catoblepas (D:13)
  A death yak (Lair:5)
  A two-headed ogre (D:13)
  2 orc knights (Orc:2)
  A cyclops (Orc:2)
  3 elephants
  2 cane toads (Lair:4)
  2 rime drakes (Lair:5)
  3 komodo dragons
  3 blink frogs
  Sigmund (D:3)
  4 spriggans
  3 wraiths
  5 yaks
  3 basilisks (Lair:5)
  Eustachio (D:5)
  5 wyverns (Lair:5)
  A spatial vortex (Abyss:2)
  6 water moccasins
  5 orc warriors
  An ogre (D:3)
  2 necrophages (D:6)
  A boggart (D:14)
  5 wolves
  A kobold brigand (D:6)
  3 bullfrogs
  A scorpion (D:5)
  6 killer bees
  2 wights (D:7)
  A bullfrog zombie (D:6)
  4 orc priests
  3 jellies
  A bullfrog skeleton (D:5)
  4 iguanas
  6 orc wizards
  4 hell rats (Lair:5)
  An adder (D:5)
  11 orcs
  2 endoplasms (D:4)
  A quokka (D:5)
  3 kobolds
123 creatures vanquished.

Vanquished Creatures (others)
  2 humans (Lair:6)
  A boggart (D:14)
  28 hexers
  60 fungi
  63 plants
154 creatures vanquished.

Grand Total: 844 creatures vanquished

Notes
Turn   | Place    | Note
-------+----------+-------------------------------------------
     0 | D:1      | Gabide the Human Monk began the quest for the Orb.
     0 | D:1      | Reached XP level 1. HP: 18/18 MP: 1/1
    33 | D:1      | Found Rijuwnow's Jewellery Shop.
   239 | D:1      | Reached XP level 2. HP: 23/24 MP: 2/2
   644 | D:1      | Found Mygal's Armour Boutique.
   986 | D:2      | Reached skill level 1 in Armour
   986 | D:2      | Reached XP level 3. HP: 22/29 MP: 3/3
  1123 | D:2      | Found a faded altar of an unknown god.
  1187 | D:2      | Found Noaducia's Antique Weapon Boutique.
  1759 | D:2      | Reached XP level 4. HP: 19/35 MP: 4/4
  2331 | D:3      | Noticed Sigmund
  2607 | D:3      | Noticed an ogre
  2749 | D:4      | Found a staircase to the Ecumenical Temple.
  2777 | Temple   | Entered the Ecumenical Temple
  2909 | Temple   | Became a worshipper of Hepliaklqana the Forgotten
  2909 | Temple   | Reached * piety under Hepliaklqana
  2909 | Temple   | Reached ** piety under Hepliaklqana
  2910 | Temple   | Remembered your ancestor Nomusa as a hexer
  3079 | D:4      | Found a basalt altar of Yredelemnul.
  3079 | D:4      | Found an iron altar of Okawaru.
  3079 | D:4      | Found a shimmering blue altar of Sif Muna.
  3079 | D:4      | Found a blossoming altar of Fedhas.
  3088 | D:4      | Found a white marble altar of Elyvilon.
  3088 | D:4      | Found a hide-covered altar of Uskayaw.
  3256 | D:4      | Reached XP level 5. HP: 13/36 MP: 5/5
  3455 | D:4      | Reached skill level 4 in Polearms
  3542 | D:4      | Found a shimmering altar of Xom.
  3612 | D:5      | Entered Level 5 of the Dungeon
  3679 | D:5      | Noticed Eustachio
  3776 | D:5      | Killed Eustachio
  3777 | D:5      | Reached skill level 5 in Polearms
  3777 | D:5      | Reached XP level 6. HP: 15/42 MP: 6/6
  4063 | D:5      | Reached skill level 6 in Polearms
  4222 | D:5      | Reached XP level 7. HP: 39/46 MP: 7/7
  4280 | D:5      | Identified the +0 leather armour of Beauty {rElec Str+4}
  4629 | D:5      | Noticed Grinder
  4646 | D:5      | Killed Grinder
  4647 | D:5      | Reached skill level 7 in Polearms
  4751 | D:5      | Noticed a water moccasin
  4821 | D:5      | Reached XP level 8. HP: 14/52 MP: 8/8
  5243 | D:6      | Reached skill level 8 in Polearms
  5473 | D:6      | Reached skill level 9 in Polearms
  5858 | D:3      | Noticed Terence
  5877 | D:3      | Killed Terence
  5928 | D:3      | Killed Sigmund
  5929 | D:3      | Reached skill level 10 in Polearms
  5929 | D:3      | Reached XP level 9. HP: 21/56 MP: 9/9
  6144 | D:3      | Found Urrewud's Book Boutique.
  6572 | D:2      | Bought a jewelled halberd for 225 gold pieces
  6572 | D:2      | Identified the +7 halberd of Taissas {freeze, rPois Str+4
                  | Dex+2} (You bought it in a shop on level 2 of the Dungeon)
  6843 | D:6      | Found the +7 Kryia's mail coat {PotionHeal*2 rC+}
  7010 | D:6      | Reached *** piety under Hepliaklqana
  7057 | D:6      | Reached skill level 11 in Polearms
  7726 | D:7      | Reached skill level 5 in Armour
  7768 | D:7      | Reached skill level 5 in Fighting
  7782 | D:6      | Reached XP level 10. HP: 17/68 MP: 10/10
  8839 | D:8      | Found Vypeosif's Antique Armour Emporium.
  8855 | D:8      | Found a staircase to the Lair.
  8866 | D:8      | Reached skill level 5 in Dodging
  9424 | D:8      | Reached **** piety under Hepliaklqana
  9714 | D:9      | You fall into a shaft and drop 3 floors!
  9794 | D:11     | Noticed a two-headed ogre
  9802 | D:11     | Killed a two-headed ogre
  9803 | D:11     | Reached XP level 11. HP: 75/75 MP: 8/11
  9814 | D:11     | Noticed a skeletal warrior
  9844 | D:11     | Noticed a manticore
  9869 | D:10     | Entered Level 10 of the Dungeon
 10699 | D:9      | Found a sparkling altar of Nemelex Xobeh.
 10711 | D:9      | Reached skill level 12 in Polearms
 10932 | D:9      | Found a sacrificial altar of Ru.
 11415 | D:11     | Reached ***** piety under Hepliaklqana
 11429 | D:11     | Killed a manticore
 11485 | D:11     | Noticed a death knight
 11487 | D:11     | Reached skill level 13 in Polearms
 11888 | Lair:1   | Entered Level 1 of the Lair of Beasts
 11888 | Lair:1   | Noticed a five-headed hydra
 12062 | Lair:1   | Killed a five-headed hydra
 12456 | Lair:1   | You fall into a shaft and drop 1 floor!
 12456 | Lair:2   | Noticed a four-headed hydra
 12556 | Lair:2   | Reached skill level 14 in Polearms
 12558 | Lair:2   | Reached XP level 12. HP: 41/81 MP: 10/12
 12803 | Lair:2   | Found a hole to the Spider Nest.
 12834 | Lair:2   | Noticed Erica
 12838 | Lair:2   | Killed a five-headed hydra
 12849 | Lair:2   | Killed Erica
 12850 | Lair:2   | Reached skill level 15 in Polearms
 13283 | Lair:2   | Noticed Nergalle
 13291 | Lair:2   | Killed Nergalle
 13689 | Lair:1   | Reached skill level 16 in Polearms
 13694 | Lair:1   | Reached skill level 1 in Invocations
 13783 | Lair:1   | Reached skill level 5 in Invocations
 14095 | Lair:1   | Reached XP level 13. HP: 75/86 MP: 17/17
 14362 | Lair:1   | Identified the +2 mace "Omme" {elec, rN+ Int+4 Dex+3}
 14793 | Lair:3   | Noticed a seven-headed hydra
 14860 | Lair:2   | Killed a seven-headed hydra
 15713 | Lair:3   | Reached skill level 10 in Invocations
 16325 | Lair:4   | Noticed Josephine
 16337 | Lair:4   | Killed Josephine
 16348 | Lair:4   | Noticed a five-headed hydra
 16361 | Lair:4   | Killed a seven-headed hydra
 17016 | Lair:4   | Reached skill level 10 in Fighting
 17220 | Lair:4   | Noticed a four-headed hydra
 17221 | Lair:4   | Noticed an eight-headed hydra
 17238 | Lair:4   | Killed a five-headed hydra
 17239 | Lair:4   | Reached XP level 14. HP: 79/99 MP: 19/21
 17683 | Lair:4   | Found a staircase to the Swamp.
 19286 | Lair:6   | Entered Level 6 of the Lair of Beasts
 19485 | Lair:5   | Reached skill level 10 in Dodging
 20313 | Lair:6   | Reached XP level 15. HP: 108/108 MP: 22/22
 20390 | Lair:6   | Noticed Kirke
 20622 | Lair:6   | Killed Kirke
 20768 | Lair:6   | Found a staircase to the Slime Pits.
 21655 | D:1      | Bought a +0 pair of gloves for 63 gold pieces
 22297 | D:11     | Reached ****** piety under Hepliaklqana
 22680 | D:12     | Noticed a sphinx
 23417 | D:12     | Found a staircase to the Orcish Mines.
 23457 | D:12     | Reached skill level 10 in Armour
 23778 | D:12     | Paralysed by a sphinx for 2 turns
 23781 | D:12     | Killed a sphinx
 24249 | D:13     | Found Noify's Weapon Shop.
 24486 | D:13     | Found a gate to the Vaults.
 25128 | Orc:1    | Entered Level 1 of the Orcish Mines
 25156 | Orc:1    | Reached XP level 16. HP: 114/114 MP: 25/25
 25293 | Orc:2    | Entered Level 2 of the Orcish Mines
 25295 | Orc:2    | Noticed Snorg
 25304 | Orc:2    | Killed Snorg
 25336 | Orc:2    | Found Kewkatad's Book Boutique.
 25341 | Orc:2    | Found a staircase to the Elven Halls.
 25344 | Orc:2    | Noticed Maurice
 25356 | Orc:2    | Killed Maurice
 25403 | Orc:2    | Noticed Urug
 25448 | Orc:2    | Paralysed by an orc sorcerer for 3 turns
 25991 | Orc:2    | Reached skill level 17 in Polearms
 26100 | Orc:2    | Killed Urug
 26132 | Orc:2    | Found Tapsyum's Book Shop.
 26266 | Orc:2    | Found Toal Pao's General Store.
 26272 | Orc:2    | Bought a scroll of fog for 32 gold pieces
 26272 | Orc:2    | Bought a scroll of fear for 56 gold pieces
 26272 | Orc:2    | Bought a wand of charming (5) for 112 gold pieces
 26272 | Orc:2    | Bought a throwing net for 48 gold pieces
 26272 | Orc:2    | Bought a potion of might for 64 gold pieces
 26272 | Orc:2    | Bought a scroll of teleportation for 48 gold pieces
 26280 | Orc:2    | Found Kickec's Antique Weapon Shop.
 26462 | Orc:2    | Found Ralusm's Antique Armour Shop.
 26468 | Orc:2    | Bought a pair of runed gloves for 217 gold pieces
 26605 | Orc:1    | Noticed Gastronok
 26634 | Orc:1    | Noticed Jorgrun
 26689 | Orc:2    | Killed Gastronok
 26825 | Orc:2    | Killed Jorgrun
 26936 | Orc:1    | Found Dadamp's Armour Shoppe.
 27007 | Orc:1    | Bought the +0 pair of fencer's gloves {Riposte Dex+3} for
                  | 520 gold pieces
 27007 | Orc:1    | Found the +0 pair of fencer's gloves {Riposte Dex+3}
 27294 | D:14     | Reached skill level 18 in Polearms
 27376 | D:14     | Noticed a deep elf sorcerer
 27386 | D:14     | Cast into level 2 of the Abyss (a deep elf sorcerer)
 27627 | Abyss:2  | Found a viscous altar of Jiyva.
 27643 | Abyss:2  | Found a viscous altar of Jiyva.
 27658 | Abyss:2  | Gained mutation: Your magical capacity is low. (-10% MP) [a
                  | neqoxec]
 27662 | Abyss:2  | Gained mutation: Your magical capacity is very low. (-20%
                  | MP) [a neqoxec]
 27758 | Abyss:2  | Slain by a balrug

Illustrated notes

Levels and vault maps discovered:
D:1:      amcnicky_arrival_flooded_fountain, layout_loops_ring, serial_shops,
          shop_fountains, nicolae_diamond_shop
D:2:      kb_forest_paths, layout_basic, dreamdust_ecumenical_altar_statues,
          serial_shops, nicolae_shop_trees
D:3:      layout_basic, serial_shops, shop_statue, uniq_terence, uniq_sigmund
D:4:      layout_rooms, tgw_xom, minmay_overflow_temple_hex, temple_fountains
D:5:      layout_basic, st_stairs_1, uniq_grinder, uniq_eustachio
D:6:      layout_basic
D:7:      layout_cave_pods, kennysheep_generic_room_2
D:8:      layout_basic, lair_entry_dummy, serial_shops, shop, the_hattery
D:9:      layout_roguey [special_room_orc], overflow_temple_1_default,
          nicolae_ru_sacrificial_ziggurat
D:10:     layout_basic
D:11:     layout_basic
D:12:     layout_roguey [special_room_bee], minmay_orc_entry_guard_dogs,
          wad_dig_loot
D:13:     layout_loops_ring, erik_vaults_2, serial_shops,
          nicolae_shop_advertising_works [nicolae_subvault_shop_adworks],
          dk_noncrumbling_4
D:14:     layout_rooms, chequers_serial_rivers_small_b, minmay_the_grid_2x2
          [minmay_the_grid_medium_cups, minmay_the_grid_spin_star,
          minmay_the_grid_tri_star,
          minmay_the_grid_prize_four_corners_diamond_b]
Temple:   nicolae_temple_figure_eight
Lair:1:   layout_regular_city
Lair:2:   layout_roguey, spider_nest_entry_rubble, st_stairs_3,
          beast_lair_carwin_4, uniq_nergalle, uniq_erica
Lair:3:   layout_hall_layers, gauntlet_entry_generic,
          dreamdust_deal_with_the_devil
Lair:4:   layout_loops_ring, palyth_hydra_swamp_entry,
          portal_ice_cave_demonic_guard, chequers_serial_rivers_small_3,
          nicolae_quartered_pool_super, uniq_josephine
Lair:5:   layout_cellular_growth, special_room [special_room_mythical_zoo],
          serial_bayou_shore_a, grunt_megastairs_2, infiniplex_staircase_pool_2
Lair:6:   minmay_lair_end_enchanted_forest, layout_regular_city,
          minmay_slime_entry_pillars, grunt_megastairs_3, uniq_kirke
Orc:1:    layout_caves, serial_shops, nicolae_shop_crystal, minmay_orc_temple_a,
          uniq_jorgrun, uniq_gastronok
Orc:2:    grunt_orc_cross, layout_caves, serial_shops,
          nicolae_shop_hallway_stairs, uniq_snorg, uniq_maurice
Abyss:2:  base: D:7, hangedman_abyss_town

Skill      XL: |  1  2  3  4  5  6  7  8  9 10 11 12 13 14 15 16 |
---------------+-------------------------------------------------+-----
Armour         | 1 2 5 6 7 10 | 10.0
Stealth        | 3 4 |  4.0
Polearms       | 5 6 7 10 11 14 16 18 | 18.0
Fighting       | 5 7 10 12 | 12.0
Dodging        | 7 11 12 | 12.0
Invocations    | 6 10 12 | 12.5

Action                   |  1- 3 |  4- 6 |  7- 9 | 10-12 | 13-15 | 16-18 || total
-------------------------+-------+-------+-------+-------+-------+-------++-------
Melee: Spear             |   145 |   158 |   222 |    37 |    77 |       ||   639
       Punch             |     4 |     2 |       |       |     2 |       ||     8
       Halberd           |       |       |    72 |   413 |   886 |       ||  1371
       Bardiche          |       |       |       |       |    28 |   349 ||   377
Throw: Javelin           |       |       |       |     2 |     4 |       ||     6
Invok: Ancestor Life: He |       |     1 |       |       |       |       ||     1
       Ancestor Identity |       |     1 |       |       |       |       ||     1
       Recall Ancestor   |       |       |       |     5 |     6 |     3 ||    14
       Transference      |       |       |       |     3 |     5 |     5 ||    13
       Idealise          |       |       |       |       |     2 |     1 ||     3
Evoke: Wand              |       |       |       |     6 |     9 |       ||    15
       Phial of floods   |       |       |       |       |     2 |     1 ||     3
  Use: Scroll            |     1 |     6 |     2 |    16 |    18 |     8 ||    51
       Potion            |       |       |     2 |     7 |     5 |     4 ||    18
 Stab: Sleeping          |     3 |    10 |    10 |     5 |     5 |     2 ||    35
       Distracted        |       |     2 |     5 |     6 |    23 |     4 ||    40
       Confused          |       |     1 |     5 |    15 |    17 |     9 ||    47
       Paralysed         |       |       |       |     2 |    14 |    22 ||    38
       Held in net/web   |       |       |       |       |     2 |       ||     2
       Petrified         |       |       |       |       |     5 |     1 ||     6
       Petrifying        |       |       |       |       |     2 |       ||     2
       Invisible         |       |       |       |       |     1 |       ||     1
Armor: Robe              |     5 |       |       |       |       |       ||     5
       Leather armour    |    25 |    23 |    21 |       |       |       ||    69
       Scale mail        |       |       |    22 |   126 |   310 |   117 ||   575
Dodge: Dodged            |    92 |    63 |   110 |   285 |   675 |   315 ||  1540
       Rpst.: Bardiche   |       |       |       |       |       |    15 ||    15
